 Dungeon Crawl Stone Soup version 0.30-a0-778-g2ef04afb54 (webtiles) character file.

Game seed: 3221290143615396460

55 BigDaddyOpFi the Shield-Bearer (level 4, 0/37 HPs)
             Began as a Formicid Fighter on Feb 15, 2023.
             Slain by a gnoll
             ... wielding a +0 spear
              (2 damage)
             ... on level 2 of the Dungeon.
             The game lasted 00:01:12 (1058 turns).

BigDaddyOpFi the Shield-Bearer (Formicid Fighter)   Turns: 1058, Time: 00:01:12

Health: 0/37       AC:  8    Str: 23    XL:     4   Next: 14%
Magic:  4/4        EV:  9    Int:  7    God:
Gold:   88         SH:  5    Dex: 13    Spells: 3/3 levels left

rFire   . . .      SeeInvis +    a - +0 war axe
rCold   . . .      Faith    .    c - +0 buckler
rNeg    . . .      Spirit   .    b - +1 scale mail
rPois   .          Reflect  .    (helmet unavailable)
rElec   .          Harm     .    (no cloak)
rCorr   .          Rampage  .    (no gloves)
Will    .....                    (no boots) Stlth
                                 (no amulet)
HPRegen 0.26/turn                (no ring)
MPRegen 0.09/turn                (no ring)

@: mighty
A: permanent stasis, dig shafts and tunnels, antennae 3, four strong arms
a: Dig, Shaft Self


You were on level 2 of the Dungeon.
You visited 1 branch of the dungeon, and saw 2 of its levels.

You collected 88 gold pieces.

Inventory:

Hand Weapons
 a - a +0 war axe (weapon)
Armour
 b - a +1 scale mail (worn)
 c - a +0 buckler (worn)
Jewellery
 h - a ring of ice
Scrolls
 e - 3 scrolls of teleportation
 g - 2 scrolls of identify
 i - a scroll of magic mapping
 j - a scroll of noise
Potions
 f - 3 potions of heal wounds


   Skills:
 + Level 3.8 Fighting
 + Level 2.6 Axes
 + Level 3.8 Armour
 + Level 4.6 Shields


You had 3 spell levels left.
You didn't know any spells.
Your spell library was empty.

Dungeon Overview and Level Annotations

Branches:
Dungeon (2/15)

Altars:


Innate Abilities, Weirdness & Mutations

You cannot be hasted, slowed, berserked, paralysed or teleported.
You can dig through walls and to a lower floor.
You have a pair of large antennae on your head. (SInv)
Your four strong arms can wield two-handed weapons with a shield.


Message History

The bat hits you but does no damage.
You closely miss the gnoll. The gnoll barely misses you.
The gnoll hits you from afar with a +0 halberd!
You slash the gnoll!
The gnoll is severely wounded.
The bat hits you but does no damage. The gnoll barely misses you.
You block the gnoll's attack. The gnoll hits you but does no damage.
You barely miss the gnoll.
The gnoll is severely wounded.
The bat barely misses you. The gnoll hits you but does no damage.
The gnoll closely misses you.
The gnoll hits you from afar with a +0 halberd.
The gnoll hits you but does no damage. You block the gnoll's attack.
The gnoll barely misses you.
You slash the gnoll!
You kill the gnoll!
You hit the bat. The bat hits you but does no damage. x2
The gnoll hits you from afar with a +0 halberd!
* * * LOW HITPOINT WARNING * * *
The gnoll hits you from afar with a +0 spear.
* * * LOW HITPOINT WARNING * * *
You have reached level 4!
You feel stronger.
As you read the scroll labelled LORIDO WOUREEFF, it crumbles to dust.
It is a scroll of enchant armour.
Your +0 scale mail glows green for a moment.
The bat hits you.
* * * LOW HITPOINT WARNING * * *
The bat hits you but does no damage.
The gnoll hits you from afar with a +0 spear.
* * * LOW HITPOINT WARNING * * *
The gnoll hits you from afar with a +0 halberd.
* * * LOW HITPOINT WARNING * * *
The gnoll hits you with a +0 flail.
* * * LOW HITPOINT WARNING * * *
As you read the scroll labelled ERRUCV SEALOE, it crumbles to dust.
The scroll dissolves into smoke.
It was a scroll of fog.
The bat barely misses you. The gnoll hits you but does no damage.
The gnoll hits you from afar with a +0 spear.
You die...

#..# ............. #..#
#####...##.## #..####
#...##... # ......#
#...##### #.#..##.#
#...# $####.#..##.#
#...#
....?.g§g##.####..(#####
.##.#.#g###.##..........
###.#.#@###.##.##.....##
......b§§.............##
###.#######.##.##.......
#.##........## {
####.##..........
#.>..###.#....### #.#..#
#.#.##.# # #...##
#.#.##.# # ##.##
#....<.###


You could see 3 gnolls and a bat.

Vanquished Creatures
  A gnoll (D:2)
  2 adders (D:2)
  A dart slug (D:2)
  2 ball pythons
  3 endoplasms
  3 hobgoblins (D:1)
  5 kobolds
  A quokka (D:2)
  4 bats
  2 frilled lizards
  3 rats (D:1)
27 creatures vanquished.

Notes
Turn   | Place    | Note
-------+----------+-------------------------------------------
     0 | D:1      | BigDaddyOpFi the Formicid Fighter began the quest for the
                  | Orb.
     0 | D:1      | Reached XP level 1. HP: 18/18 MP: 1/1
   126 | D:1      | Reached XP level 2. HP: 24/24 MP: 2/2
   661 | D:2      | Reached XP level 3. HP: 29/29 MP: 3/3
  1057 | D:2      | Reached XP level 4. HP: 9/37 MP: 4/4
  1058 | D:2      | Slain by a gnoll

Illustrated notes

Levels and vault maps discovered:
D:1:      psy_arrival_statuary, layout_loops_ring, grunt_decor_fettered
D:2:      layout_loops_cross

Action                     |  1- 3 |  4- 6 || total
---------------------------+-------+-------++-------
  Melee: War axe           |    78 |       ||    78
    Use: Scroll            |     4 |     2 ||     6
         Potion            |     1 |       ||     1
 Armour: Scale mail        |    48 |     2 ||    50
  Dodge: Dodged            |    45 |     1 ||    46
  Block: Buckler           |    14 |       ||    14

Table legend: (Time is in decaauts)
 A = Elapsed time spent in this place.
 B = Non-inter-level travel time spent in this place.
 C = Inter-level travel time spent in this place.
 D = Time resting spent in this place.
 E = Time spent auto-exploring this place.
 F = Levels seen in this place.
 G = Mean time per level.
                   A        B        C        D        E       F      G
               +--------+--------+--------+--------+--------+-----+--------+
         Total |   1090 |   1077 |     13 |      0 |    857 |   2 |  545.0 |
       Dungeon |   1090 |   1077 |     13 |      0 |    857 |   2 |  545.0 |
               +--------+--------+--------+--------+--------+-----+--------+

Top non-repeatable levels by time:
     D:1: 659 daAuts
     D:2: 431 daAuts
